[Event "Titled Tuesday Blitz May 24 Late 2022"]
[White "Adewumi, Tanitoluwa"]
[Black "Keymer, Vincent"]
[WhiteFideId "30966396"]
[BlackFideId "12940690"]
[WhiteElo "2523"]
[BlackElo "2548"]
[Result "0-1"]
[Round "01"]
[TimeControl "180+1"]
[Date "2022.05.24"]
[WhiteClock "0:00:15"]
[BlackClock "0:00:55"]

1. e4 c6 2. d4 d5 3. e5 Bf5 4. Nf3 e6 5. Be2 c5 6. O-O Nc6 7. Be3 cxd4 8. Nxd4 Nxd4 9. Bxd4 Ne7 10. Nd2 Nc6 11. Bb5 Be7 12. Nb3 Qc7 13. Re1 O-O 14. Bxc6 Qxc6 15. c3 Bg6 16. h3 a5 17. a4 b5 18. Be3 b4 19. Bd4 Rfc8 20. Qd2 Qc4 21. Qd1 Qa6 22. Re3 Rab8 23. cxb4 Bxb4 24. Rc1 h6 25. Bc3 Rc4 26. Bxb4 Rbxb4 27. Rec3 Qb6 28. Rxc4 dxc4 29. Nd4 Rxb2 0-1


[Site "https://www.chess.com"]

[Event "Titled Tuesday Blitz May 24 Late 2022"]
[White "Almeida Junior, Alvaro Alves de"]
[Black "Jaracz, Pawel"]
[WhiteFideId "2149974"]
[BlackFideId "1102222"]
[WhiteElo "2086"]
[BlackElo "2429"]
[Result "0-1"]
[Round "01"]
[TimeControl "180+1"]
[Date "2022.05.25"]
[WhiteClock "0:01:29"]
[BlackClock "0:01:58"]

1. e4 c5 2. Nf3 d6 3. d4 cxd4 4. Nxd4 Nf6 5. Nc3 Nc6 6. Be2 e6 7. Be3 a6 8. O-O Bd7 9. f4 Nxd4 10. Bxd4 Bc6 11. Bf3 Be7 12. Qe1 O-O 13. Qg3 Rc8 14. Rad1 Ne8 15. e5 Bxf3 16. Rxf3 g6 17. exd6 Nxd6 18. Be5 Qb6+ 19. Kh1 Nf5 20. Qh3 Rfd8 21. Rxd8+ Rxd8 22. g4 Nh4 23. Rf1 Qc6+ 0-1


[Site "https://www.chess.com"]

[Event "Titled Tuesday Blitz May 24 Late 2022"]
[White "Al-Tarboush, Ward"]
[Black "Andreikin, Dmitry"]
[WhiteFideId "7601450"]
[BlackFideId "4158814"]
[WhiteElo "2294"]
[BlackElo "2736"]
[Result "0-1"]
[Round "01"]
[TimeControl "180+1"]
[Date "2022.05.24"]
[WhiteClock "0:00:02"]
[BlackClock "0:00:21"]

1. e4 c5 2. Nf3 e6 3. d4 cxd4 4. Nxd4 Nc6 5. Nc3 d6 6. Be3 Nf6 7. Be2 Be7 8. g4 h6 9. h4 a6 10. Rg1 Nd7 11. Qd2 Qc7 12. O-O-O b5 13. g5 b4 14. Na4 hxg5 15. hxg5 Nxd4 16. Qxd4 e5 17. Qxb4 d5 18. Qb3 d4 19. Bd2 Rb8 20. Qc4 Qxc4 21. Bxc4 Rh2 22. g6 fxg6 23. Rxg6 Bf6 24. f4 Rxd2 25. Rxd2 exf4 26. Rg1 Ne5 27. Be2 f3 28. Bd1 g5 29. Rxd4 g4 30. Rf1 g3 31. Bxf3 Nxf3 32. Rxf3 g2 33. Rg3 Bxd4 34. Rxg2 Ke7 35. c3 Be3+ 36. Kc2 Bd7 37. b3 Bc6 38. Rg7+ Kf6 39. Rg4 Ke5 40. Kd3 Ba7 41. Rg5+ Kf6 42. Rf5+ Ke6 43. Rh5 Rd8+ 44. Ke2 Bb5+ 45. c4 Bxa4 46. bxa4 Bd4 47. Ra5 Rd6 48. Rd5 Be5 49. Kd3 Rb6 50. c5 Rb4 51. c6 Rb6 52. Rc5 Bc7 53. Kc4 Rb2 54. Kd4 Bb6 55. c7 Bxc5+ 56. Kxc5 Kd7 0-1


[Site "https://www.chess.com"]

[Event "Titled Tuesday Blitz May 24 Late 2022"]
[White "Ansh M Shah"]
[Black "Shuvalova, Polina"]
[WhiteFideId "25033379"]
[BlackFideId "24171760"]
[WhiteElo "1819"]
[BlackElo "2355"]
[Result "0-1"]
[Round "01"]
[TimeControl "180+1"]
[Date "2022.05.25"]
[WhiteClock "0:00:03"]
[BlackClock "0:00:19"]

1. d4 Nf6 2. c4 c5 3. d5 b5 4. cxb5 a6 5. e3 g6 6. Nc3 Bg7 7. Nf3 O-O 8. e4 e6 9. dxe6 fxe6 10. Qd6 axb5 11. Bxb5 Na6 12. Bg5 h6 13. Bh4 g5 14. Bg3 Ne8 15. Qd2 Nec7 16. Bc4 Bb7 17. Rd1 d5 18. exd5 exd5 19. Nxd5 Nxd5 20. Bxd5+ Bxd5 21. Qxd5+ Qxd5 22. Rxd5 Nb4 23. Rd7 Rfe8+ 24. Kd2 Rxa2 25. Rc1 Bxb2 26. Rc4 Bd4+ 27. Kd1 Nd3 28. Rcxd4 cxd4 29. Rxd4 Nxf2+ 30. Bxf2 Rxf2 31. h4 Rxg2 32. hxg5 hxg5 33. Rd5 g4 34. Rg5+ Kf7 35. Ne5+ Kf6 36. Rxg4 Ra2 37. Nf3 Rd8+ 38. Ke1 Rb8 39. Rd4 Rb3 40. Nd2 Re3+ 41. Kf2 Rh3 0-1


[Site "https://www.chess.com"]

[Event "Titled Tuesday Blitz May 24 Late 2022"]
[White "Antonio, Jorge Carlos"]
[Black "Vovk, Orest"]
[WhiteFideId "113190"]
[BlackFideId "14113490"]
[WhiteElo "2247"]
[BlackElo "2203"]
[Result "1/2-1/2"]
[Round "01"]
[TimeControl "180+1"]
[Date "2022.05.25"]
[WhiteClock "0:00:14"]
[BlackClock "0:00:07"]

1. e4 g5 2. d4 g4 3. c4 Bg7 4. Be3 h5 5. h3 d6 6. Nc3 c6 7. Be2 Nf6 8. Qd2 Qa5 9. f4 a6 10. e5 dxe5 11. dxe5 Nfd7 12. O-O-O Nf8 13. hxg4 hxg4 14. Rxh8 Bxh8 15. Bd3 Nbd7 16. g3 Nc5 17. Bc2 Be6 18. f5 Bxc4 19. Qd4 Bxe5 20. Qxc4 Nfd7 21. Nge2 b5 22. Qxg4 b4 23. Qg8+ Nf8 24. Nb1 Qxa2 25. Bd4 Qc4 26. Nd2 Qxe2 27. Bxc5 O-O-O 28. Qxf7 Nd7 29. Qe6 Kc7 30. Bxe7 Re8 31. Ba4 Rxe7 32. Qxc6+ Kb8 33. Nc4 Bxb2+ 34. Nxb2 Qe3+ 35. Kb1 Qe4+ 36. Qxe4 Rxe4 37. Rxd7 Rg4 38. f6 Rxg3 39. f7 Rf3 40. Rd8+ Kc7 41. f8=Q Rxf8 42. Rxf8 Kb6 43. Rf6+ Ka5 44. Kc2 b3+ 45. Kxb3 1/2-1/2


[Site "https://www.chess.com"]

[Event "Titled Tuesday Blitz May 24 Late 2022"]
[White "Araujo Sanchez, Josue"]
[Black "Zhigalko, Sergei"]
[WhiteFideId "6416896"]
[BlackFideId "13502956"]
[WhiteElo "2339"]
[BlackElo "2662"]
[Result "0-1"]
[Round "01"]
[TimeControl "180+1"]
[Date "2022.05.24"]
[WhiteClock "0:00:20"]
[BlackClock "0:00:05"]

1. c4 e5 2. g3 Nf6 3. Bg2 c6 4. d4 exd4 5. Qxd4 Na6 6. Nf3 Bc5 7. Qe5+ Be7 8. O-O O-O 9. Rd1 Re8 10. Qc3 Nc5 11. Qc2 a5 12. Nc3 d6 13. Bf4 h6 14. h3 Be6 15. b3 Qd7 16. g4 Rad8 17. e4 Qc8 18. Nd4 Bf8 19. Bg3 Bd7 20. Rd2 h5 21. g5 Nh7 22. h4 g6 23. Rad1 Bh3 24. Nde2 Bxg2 25. Kxg2 Qe6 26. Nd4 Qc8 27. Nde2 Qe6 28. e5 d5 29. cxd5 cxd5 30. Nxd5 Rc8 31. Nef4 Qc6 32. Kg1 Rxe5 33. Qc4 Re4 34. Rd4 Rxd4 35. Qxd4 Qe8 36. Kf1 Qe4 37. Qxe4 Nxe4 38. Re1 Nxg3+ 39. fxg3 Kg7 40. Re4 Rc1+ 41. Ke2 Rc2+ 42. Kf3 Rxa2 43. Rc4 Ra3 44. Rc7 Rxb3+ 45. Ke2 Kg8 46. g4 hxg4 47. h5 gxh5 48. Nxh5 Rb5 49. Ndf6+ Nxf6 50. Nxf6+ Kg7 51. Ne4 a4 52. Rc8 Ra5 53. Nf6 a3 54. Ne8+ Kg6 55. Nc7 a2 56. Rxf8 a1=Q 57. Rg8+ Kf5 58. Ne8 Qb2+ 59. Kd3 Qb3+ 60. Kd4 Qb4+ 61. Kd3 Ra3+ 0-1


[Site "https://www.chess.com"]

[Event "Titled Tuesday Blitz May 24 Late 2022"]
[White "Avramidou, Anastasia"]
[Black "Vasquez Schroeder, Rodrigo"]
[WhiteFideId "4239873"]
[BlackFideId "3400042"]
[WhiteElo "2183"]
[BlackElo "2567"]
[Result "1-0"]
[Round "01"]
[TimeControl "180+1"]
[Date "2022.05.24"]
[WhiteClock "0:00:11"]
[BlackClock "0:01:22"]

1. c4 g6 2. Nc3 Bg7 3. e4 d6 4. d4 Nf6 5. Bd3 O-O 6. Nge2 Nc6 7. O-O Nd7 8. Be3 e5 9. d5 Nd4 10. f3 c5 11. Rb1 f5 12. exf5 gxf5 13. Qd2 b6 14. b3 Nf6 15. a3 Bd7 16. b4 Kh8 17. Kh1 Rc8 18. bxc5 bxc5 19. Bxd4 cxd4 20. Nb5 Bxb5 21. Rxb5 Nd7 22. Ng3 f4 23. Ne4 Nb6 24. Rc1 Bf6 25. Qa2 Be7 26. a4 Qd7 27. Rcb1 Rc7 28. a5 Nc8 29. Rb8 Rg8 30. Bf1 Bh4 31. Qb2 Rg6 32. Rb7 Rg7 33. Rxc7 Qxc7 34. Qb8 Bd8 35. Qxc7 Bxc7 36. Bd3 Re7 37. h3 h6 38. Rb7 Kg7 39. a6 Kf7 40. Nf2 Bb6 41. Ng4 h5 42. Nf2 Rc7 43. Ne4 Ke7 44. Kh2 Kd8 45. Ng5 Re7 46. Ne6+ Ke8 47. Bg6+ 1-0


[Site "https://www.chess.com"]

[Event "Titled Tuesday Blitz May 24 Late 2022"]
[White "Baches Garcia, Guillermo"]
[Black "Kobalia, Mikhail"]
[WhiteFideId "2209764"]
[BlackFideId "4119150"]
[WhiteElo "2470"]
[BlackElo "2667"]
[Result "0-1"]
[Round "01"]
[TimeControl "180+1"]
[Date "2022.05.25"]
[WhiteClock "0:00:19"]
[BlackClock "0:01:20"]

1. e4 c6 2. Nc3 d5 3. Nf3 Bg4 4. h3 Bxf3 5. Qxf3 e6 6. Be2 Nf6 7. O-O Bb4 8. exd5 cxd5 9. a3 Bd6 10. d4 Nc6 11. Rd1 O-O 12. Qd3 Rc8 13. Be3 a6 14. Na4 Qe7 15. b4 e5 16. dxe5 Nxe5 17. Qd2 Rcd8 18. Nc5 Ne4 19. Qxd5 Nc3 20. Qd2 Nxd1 21. Rxd1 Bxc5 22. Bxc5 Rxd2 23. Bxe7 Rxe2 24. Bxf8 Kxf8 25. Rd8+ Ke7 26. Rb8 Rxc2 27. Rxb7+ Ke6 28. f4 Nd3 29. Rb6+ Kf5 30. Rxa6 Nxf4 31. b5 Rxg2+ 32. Kf1 Rb2 33. a4 Ke4 34. Ke1 Ke3 35. Kd1 Nd3 0-1


[Site "https://www.chess.com"]

[Event "Titled Tuesday Blitz May 24 Late 2022"]
[White "Barp, Alberto"]
[Black "Estrada Nieto, Julian"]
[WhiteFideId "872555"]
[BlackFideId "5101018"]
[WhiteElo "2229"]
[BlackElo "2252"]
[Result "0-1"]
[Round "01"]
[TimeControl "180+1"]
[Date "2022.05.25"]
[WhiteClock "0:00:28"]
[BlackClock "0:00:36"]

1. d4 d5 2. c4 dxc4 3. Nf3 Nf6 4. Qa4+ c6 5. Qxc4 Bf5 6. g3 Nbd7 7. Bg2 e6 8. O-O Be7 9. Nbd2 O-O 10. Qb3 Qb6 11. Nc4 Qxb3 12. axb3 Be4 13. Nfe5 Bxg2 14. Kxg2 Rfd8 15. Bg5 h6 16. Bxf6 Bxf6 17. Nxd7 Rxd7 18. e3 Rdd8 19. Rfc1 Be7 20. Rc2 Bb4 21. Kf3 Kf8 22. Ke2 Ke7 23. Ne5 Bd6 24. Nc4 Bc7 25. h3 h5 26. b4 a6 27. Ra3 Rd5 28. Na5 Rb5 29. Ra4 Rd8 30. Nb3 e5 31. dxe5 Bxe5 32. Nc5 Bd6 33. Nd3 Rd5 34. Ra3 a5 35. Rxa5 Rxd3 36. Ra7 Rd7 37. Ra5 Bxb4 38. Re5+ Kf6 39. Rxh5 Rd2+ 40. Rxd2 Rxd2+ 41. Kf3 Rxb2 42. g4 Be1 43. Rf5+ Ke6 44. Kg3 b5 0-1


[Site "https://www.chess.com"]

[Event "Titled Tuesday Blitz May 24 Late 2022"]
[White "Barria Zuniga, Daniel"]
[Black "Wesolowska, Hanna"]
[WhiteFideId "3400816"]
[BlackFideId "1104683"]
[WhiteElo "2414"]
[BlackElo "2397"]
[Result "1-0"]
[Round "01"]
[TimeControl "180+1"]
[Date "2022.05.25"]
[WhiteClock "0:01:16"]
[BlackClock "0:01:47"]

1. c4 Nf6 2. g3 g6 3. Bg2 Bg7 4. d4 O-O 5. Nc3 c6 6. e4 d6 7. Nge2 Bg4 8. h3 Bxe2 9. Qxe2 Nbd7 10. O-O e5 11. Rd1 Qb6 12. Be3 exd4 13. Rxd4 c5 14. Rd2 Rfd8 15. Rad1 Nf8 16. Nb5 Ne8 17. f4 a6 18. Nc3 Qa5 19. Nd5 Rab8 20. b4 Qa4 21. bxc5 dxc5 22. Bxc5 Ne6 23. Bf2 b5 24. f5 Qxc4 25. Qxc4 bxc4 26. fxe6 fxe6 27. Ne7+ Kf7 28. Rxd8 Rxd8 29. Rxd8 Kxe7 30. Rc8 c3 31. Be1 Kd7 32. Rxc3 Bd4+ 33. Kf1 Bxc3 34. Bxc3 Nd6 35. Ke2 Nc4 36. Kd3 Nd6 37. e5 Nf5 38. g4 Ne7 39. Bb4 Nc8 40. Bc5 h5 41. gxh5 gxh5 42. h4 Ne7 43. Bxe7 Kxe7 1-0


[Site "https://www.chess.com"]

[Event "Titled Tuesday Blitz May 24 Late 2022"]
[White "Boder, Jan"]
[Black "Romanchuk, Viktor"]
[WhiteFideId "16243226"]
[BlackFideId "14109271"]
[WhiteElo "2064"]
[BlackElo "2242"]
[Result "1-0"]
[Round "01"]
[TimeControl "180+1"]
[Date "2022.05.25"]
[WhiteClock "0:00:06"]
[BlackClock "0:00:09"]

1. c4 c6 2. g3 d5 3. Bg2 Nf6 4. Nf3 Bg4 5. Qb3 Qb6 6. Ne5 Be6 7. d3 dxc4 8. Nxc4 Qd8 9. Qxb7 Nbd7 10. Bxc6 Rc8 11. Bf4 g6 12. Nc3 Bg7 13. Nb5 O-O 14. Bc7 Qe8 15. Nxa7 Nc5 16. Qb6 Nfd7 17. Nxc8 Qxc8 18. Qa5 Nb7 19. Bxb7 Qxb7 20. O-O Ra8 21. Qg5 Qxc7 22. Qxe7 Qc6 23. Rfc1 Bh3 24. Ne3 Qb7 25. Rc2 Bd4 26. Qh4 Bxe3 27. Qxh3 Ba7 28. Rac1 Nf8 29. Qg2 Qb8 30. Qf3 Ne6 31. Kg2 Nd4 32. Rc8+ Qxc8 33. Rxc8+ Rxc8 34. Qb7 Rb8 35. Qxa7 Rd8 36. e3 Ne6 37. d4 Rc8 38. Qd7 Rc2 39. Qe8+ Kg7 40. Qb5 h5 41. h4 Kg8 42. a4 Ng7 43. a5 Nf5 44. Kf3 Nd6 45. Qb8+ Nc8 46. a6 Kg7 47. a7 Nxa7 48. Qxa7 Rxb2 49. Qc5 Rb7 50. Qe5+ Kg8 51. d5 Rb5 52. Qe8+ Kg7 53. Qxb5 1-0


[Site "https://www.chess.com"]

[Event "Titled Tuesday Blitz May 24 Late 2022"]
[White "Bonte, Andrei-Mihai"]
[Black "Goltsev, Dmitry"]
[WhiteFideId "1210297"]
[BlackFideId "24176710"]
[WhiteElo "2192"]
[BlackElo "2258"]
[Result "0-1"]
[Round "01"]
[TimeControl "180+1"]
[Date "2022.05.25"]
[WhiteClock "0:02:45"]
[BlackClock "0:02:49"]

1. d4 Nf6 2. c4 e6 3. Nf3 Bb4+ 4. Bd2 Qe7 5. e3 b6 6. Bd3 Bb7 7. a3 Bxd2+ 8. Nbxd2 d6 9. O-O Nbd7 10. Qc2 e5 11. d5 Nc5 12. b4 Nxd3 13. Qxd3 e4 0-1


[Site "https://www.chess.com"]

[Event "Titled Tuesday Blitz May 24 Late 2022"]
[White "Bryakin, Mikhail"]
[Black "Petrovic, Aleksa"]
[WhiteFideId "4165314"]
[BlackFideId "967629"]
[WhiteElo "2417"]
[BlackElo "2144"]
[Result "1-0"]
[Round "01"]
[TimeControl "180+1"]
[Date "2022.05.25"]
[WhiteClock "0:00:06"]
[BlackClock "0:00:03"]

1. e4 e6 2. d4 d5 3. Nc3 Bb4 4. exd5 exd5 5. a3 Bxc3+ 6. bxc3 Nd7 7. Bd3 Ndf6 8. Qf3 Bg4 9. Qg3 Qe7+ 10. Ne2 Bxe2 11. Bxe2 Ne4 12. Qe3 Ngf6 13. f3 Nd6 14. Qxe7+ Kxe7 15. Kf2 h6 16. h4 Rhe8 17. a4 Kd7 18. Bd3 Rac8 19. Bf4 c5 20. h5 c4 21. Bf1 Nh7 22. g3 Kc6 23. Bh3 Rc7 24. Rhe1 Rce7 25. Rxe7 Rxe7 26. Rb1 Ng5 27. Bg2 Ne6 28. Bc1 Nc8 29. Ba3 Rd7 30. a5 b6 31. axb6 Nxb6 32. Bb4 Na4 33. Ra1 Kb5 34. f4 a5 35. Ba3 Nxc3 36. Ke3 Rd8 37. Bb2 Na4 38. Ba3 Re8 39. Rb1+ Kc6 40. Ra1 Nec5+ 41. Kf3 Ne4 42. Bc1 Nec3 43. Be3 Kb5 44. Bh3 Re7 45. g4 Nb2 46. g5 a4 47. gxh6 gxh6 48. f5 Kb4 49. Bxh6 Re8 50. Bg7 a3 51. h6 a2 52. h7 Ka3 53. h8=Q Rxh8 54. Bxh8 Nbd1 55. f6 Kb2 56. Rxa2+ Nxa2 57. Be6 Nb4 58. Bxf7 Nxc2 59. Bxd5 Nxd4+ 60. Ke4 c3 61. f7 c2 62. Bxd4+ Kb1 63. f8=Q c1=Q 64. Qb8+ Nb2 65. Qa8 Qh1+ 66. Kf5 Qh5+ 67. Ke6 Qg6+ 68. Bf6 Qg4+ 69. Ke7 Qb4+ 70. Kf7 Qf4 71. Qa2+ Kc2 72. Qxb2+ Kd3 73. Qb1+ Ke2 74. Qc2+ Kf1 75. Bc4+ Kg1 76. Qd1+ Kg2 77. Qe2+ Qf2 78. Bd5+ Kg1 79. Qg4+ Kf1 80. Bc4+ Ke1 81. Qe4+ Kd2 82. Qd3+ Kc1 83. Qc3+ Kd1 84. Bb3+ Ke2 85. Qc2+ Ke1 86. Qc1+ Ke2 87. Bc4+ Kf3 88. Qd1+ Kg2 89. Bd5+ Kg3 90. Qd3+ Kh2 91. Qh7+ Kg1 92. Qh1# 1-0


[Site "https://www.chess.com"]

[Event "Titled Tuesday Blitz May 24 Late 2022"]
[White "Burke, Paul"]
[Black "Peralta, Eduardo"]
[WhiteFideId "2605767"]
[BlackFideId "3700062"]
[WhiteElo "1845"]
[BlackElo "2125"]
[Result "0-1"]
[Round "01"]
[TimeControl "180+1"]
[Date "2022.05.25"]
[WhiteClock "0:01:02"]
[BlackClock "0:01:51"]

1. e4 c5 2. d4 cxd4 3. c3 d3 4. Bxd3 Nc6 5. Nf3 g6 6. Bc4 Bg7 7. Bg5 d6 8. Qb3 Na5 9. Bxf7+ Kf8 10. Qd5 Nf6 11. Bxf6 Bxf6 12. e5 Nc6 13. exf6 exf6 14. O-O Qe7 15. Re1 Qxf7 16. Qxd6+ Kg7 17. Nbd2 Rd8 18. Qg3 Bf5 19. Nd4 Nxd4 20. cxd4 Rd7 21. Nf3 Rad8 22. Rac1 Qxa2 23. Nh4 Be6 24. Rxe6 Qxe6 25. h3 Rxd4 26. Nf3 Rd1+ 27. Rxd1 Rxd1+ 28. Kh2 Qd6 0-1


[Site "https://www.chess.com"]

[Event "Titled Tuesday Blitz May 24 Late 2022"]
[White "Carrasco Miranda, Andres"]
[Black "Karttunen, Mika"]
[WhiteFideId "3405990"]
[BlackFideId "502081"]
[WhiteElo "2177"]
[BlackElo "2343"]
[Result "0-1"]
[Round "01"]
[TimeControl "180+1"]
[Date "2022.05.25"]
[WhiteClock "0:00:29"]
[BlackClock "0:00:41"]

1. d4 f5 2. Nf3 Nf6 3. g3 g6 4. Bg2 Bg7 5. O-O O-O 6. b4 a5 7. b5 d6 8. Bb2 Nbd7 9. Nbd2 e6 10. c4 Ne4 11. Qc2 Ndf6 12. Rfd1 h6 13. a4 g5 14. e3 Bd7 15. Rac1 Be8 16. Nxe4 Nxe4 17. Nd2 Bh5 18. Nxe4 Bxd1 19. Qxd1 fxe4 20. Bxe4 Rb8 21. Qg4 Qe7 22. Bb1 d5 23. cxd5 exd5 24. Ba2 c6 25. Bc3 Qa3 26. Rc2 Qxa4 27. Rb2 Qa3 28. Rc2 a4 29. Qe6+ Kh8 30. bxc6 bxc6 31. Qxc6 Rbc8 32. Qxd5 Rxc3 33. Rxc3 Qxc3 34. Kg2 Qb2 35. Bc4 Qxf2+ 36. Kh3 Qf5+ 0-1


[Site "https://www.chess.com"]

[Event "Titled Tuesday Blitz May 24 Late 2022"]
[White "Cervantes Landeiro, Thalia"]
[Black "Hansen, Eric"]
[WhiteFideId "3520498"]
[BlackFideId "2606771"]
[WhiteElo "2021"]
[BlackElo "2568"]
[Result "0-1"]
[Round "01"]
[TimeControl "180+1"]
[Date "2022.05.24"]
[WhiteClock "0:00:03"]
[BlackClock "0:00:07"]

1. d4 Nf6 2. c4 e6 3. Nf3 b6 4. g3 Ba6 5. Qa4 Bb7 6. Bg2 Be7 7. O-O O-O 8. Nc3 Ne4 9. Nxe4 Bxe4 10. Bf4 d6 11. Rfd1 Nd7 12. b4 a5 13. b5 Bf6 14. Rac1 Qe7 15. Qb3 a4 16. Qb4 h6 17. h4 Rfe8 18. Qd2 a3 19. Qe3 Bb7 20. Bh3 Nf8 21. Qb3 e5 22. dxe5 dxe5 23. Bd2 e4 24. Ne1 Bb2 25. Rb1 Ne6 26. Bc3 e3 27. f3 Nc5 28. Qc2 Na4 29. Rd7 Qc5 30. Bxb2 Nxb2 31. Nd3 Nxd3 32. Qxd3 Bxf3 33. Rf1 Be4 34. Qc3 Bg6 35. Rf3 Re4 36. Qd3 Rxc4 37. Rd8+ Rxd8 38. Qxd8+ Kh7 39. Qe8 Rc2 40. Qxe3 Rxa2 41. Qxc5 bxc5 42. Rc3 Be4 43. Rxc5 Rb2 44. Rxc7 a2 45. Ra7 Rb1+ 46. Kf2 a1=Q 47. Rxa1 Rxa1 48. Bd7 Rb1 49. Ke3 Bg2 50. Kd3 Kg6 51. Kc4 Kf6 52. Kc5 Ke7 53. Bc6 Rc1+ 54. Kb6 Bxc6 55. bxc6 Kd6 0-1


[Site "https://www.chess.com"]

[Event "Titled Tuesday Blitz May 24 Late 2022"]
[White "D`Arruda, Ricardo D."]
[Black "Abdrlauf, Elham"]
[WhiteFideId "100692"]
[BlackFideId "1533533"]
[WhiteElo "2499"]
[BlackElo "2371"]
[Result "0-1"]
[Round "01"]
[TimeControl "180+1"]
[Date "2022.05.24"]
[WhiteClock "0:00:05"]
[BlackClock "0:00:11"]

1. d4 Nf6 2. Nf3 d5 3. c4 e6 4. Nc3 c6 5. e3 Nbd7 6. Bd3 dxc4 7. Bxc4 b5 8. Bb3 a6 9. O-O Bb7 10. e4 c5 11. e5 cxd4 12. Nxb5 axb5 13. exf6 Nxf6 14. Nxd4 Bc5 15. Be3 Qb6 16. Nc2 O-O 17. Bxc5 Qxc5 18. Qd4 Qg5 19. f3 Rad8 20. Qe3 Qg6 21. Rad1 Bd5 22. Nd4 Bxb3 23. Qxb3 Nd5 24. Nc6 Rde8 25. Rd4 Qf6 26. Qxb5 Ne3 27. Rf2 Nf5 28. Rd1 Rc8 29. Rfd2 g6 30. Nd4 Ne3 31. Re1 Nd5 32. Nc6 Kg7 33. Rc2 Rc7 34. Qc5 Rfc8 35. Qd6 Ne7 36. Rec1 Nf5 37. Qd3 e5 38. Nb4 Qb6+ 39. Kh1 Qxb4 40. Rxc7 Rxc7 41. Rd1 Qxb2 42. h3 Rc1 43. Rxc1 Qxc1+ 44. Kh2 Qf4+ 45. Kg1 Qd4+ 46. Qxd4 Nxd4 47. Kf2 f5 48. Ke3 Kf6 49. Kd3 Ke6 50. Kc4 Kd6 51. a4 Nc6 52. Kb5 Kd5 53. a5 Nxa5 54. Kxa5 e4 0-1


[Site "https://www.chess.com"]

[Event "Titled Tuesday Blitz May 24 Late 2022"]
[White "De Souza, Regis Gabetta"]
[Black "Silva, Pedro Gil Ferreira Da"]
[WhiteFideId "22756930"]
[BlackFideId "1946102"]
[WhiteElo "1926"]
[BlackElo "1863"]
[Result "1-0"]
[Round "01"]
[TimeControl "180+1"]
[Date "2022.05.25"]
[WhiteClock "0:00:30"]
[BlackClock "0:00:16"]

1. d4 Nf6 2. c4 e6 3. Nc3 Bb4 4. e3 b6 5. Nf3 Bb7 6. Bd2 O-O 7. Be2 d6 8. O-O Nbd7 9. a3 Bxc3 10. Bxc3 Ne4 11. Qc2 Ndf6 12. Rad1 Nxc3 13. Qxc3 Ne4 14. Qc2 Ng5 15. d5 Nxf3+ 16. Bxf3 e5 17. e4 a5 18. b4 axb4 19. axb4 Ra3 20. Rd3 Qa8 21. h3 Qa4 22. Qxa4 Rxa4 23. Rb1 Rfa8 24. c5 Ba6 25. Rc3 bxc5 26. bxc5 h6 27. cxd6 cxd6 28. Rb6 Rd8 29. Rcc6 Bd3 30. Rxd6 Rxd6 31. Rxd6 Bxe4 32. Rd8+ Kh7 33. Bg4 f5 34. Bh5 Rd4 35. d6 f4 36. Bg4 Bc6 37. d7 Rd3 38. Kf1 Bb5 39. Bf5+ 1-0


[Site "https://www.chess.com"]

[Event "Titled Tuesday Blitz May 24 Late 2022"]
[White "Demchenko, Anton"]
[Black "Koutlas, Nikolaos"]
[WhiteFideId "4160258"]
[BlackFideId "25827138"]
[WhiteElo "2539"]
[BlackElo "1645"]
[Result "1-0"]
[Round "01"]
[TimeControl "180+1"]
[Date "2022.05.24"]
[WhiteClock "0:00:07"]
[BlackClock "0:00:02"]

1. e4 c5 2. Nf3 Nc6 3. Bb5 g6 4. O-O Bg7 5. d3 Nf6 6. Nc3 O-O 7. e5 Ng4 8. Bxc6 bxc6 9. Re1 f6 10. exf6 Nxf6 11. Qe2 e6 12. Bf4 d6 13. Bg5 h6 14. Bh4 g5 15. Bg3 e5 16. Nd2 Rb8 17. Rab1 Bg4 18. f3 Bf5 19. a3 Nd5 20. Nce4 Nf4 21. Qe3 h5 22. b4 h4 23. Bxf4 exf4 24. Qe2 cxb4 25. axb4 h3 26. gxh3 Bxh3 27. Kh1 Bd4 28. c3 Be3 29. Rg1 Bxg1 30. Rxg1 Rb5 31. Qf2 Kf7 32. Qd4 Ke7 33. Nxg5 Bf5 34. Qg7+ Ke8 35. Nc4 Qe7 36. Qh6 d5 37. Nd6+ Kd7 38. Nxb5 cxb5 39. Ra1 a5 40. bxa5 Bxd3 41. a6 Rf6 42. Qh3+ Kd8 43. a7 Ra6 44. a8=Q+ Rxa8 45. Rxa8+ 1-0


[Site "https://www.chess.com"]

[Event "Titled Tuesday Blitz May 24 Late 2022"]
[White "Diaz Rosas, Julio Cesar"]
[Black "Grischuk, Alexander"]
[WhiteFideId "5105099"]
[BlackFideId "4126025"]
[WhiteElo "2278"]
[BlackElo "2762"]
[Result "0-1"]
[Round "01"]
[TimeControl "180+1"]
[Date "2022.05.24"]
[WhiteClock "0:01:00"]
[BlackClock "0:00:56"]

1. e4 e6 2. d4 d5 3. e5 c5 4. c3 Nc6 5. Nf3 Qb6 6. Bd3 cxd4 7. O-O Bd7 8. Re1 Nge7 9. h4 Rc8 10. a3 a6 11. h5 h6 12. b4 dxc3 13. Nxc3 Nxb4 14. Na4 Bxa4 15. Qxa4+ Nbc6 16. Be3 Qc7 17. Bc5 Qd7 18. Qf4 Ng6 19. hxg6 Bxc5 20. gxf7+ Qxf7 21. Qg4 Ne7 22. Rab1 Rc7 23. Qa4+ Nc6 24. Bxa6 O-O 25. Bxb7 Nd4 0-1


[Site "https://www.chess.com"]

[Event "Titled Tuesday Blitz May 24 Late 2022"]
[White "Drygalov, Sergey"]
[Black "Vujic, Mihailo"]
[WhiteFideId "24171743"]
[BlackFideId "918873"]
[WhiteElo "2514"]
[BlackElo "2256"]
[Result "1-0"]
[Round "01"]
[TimeControl "180+1"]
[Date "2022.05.24"]
[WhiteClock "0:01:19"]
[BlackClock "0:00:01"]

1. d4 Nf6 2. c4 e6 3. Nf3 d5 4. Nc3 c5 5. cxd5 Nxd5 6. e3 Nc6 7. Bd3 Be7 8. O-O O-O 9. Qe2 b6 10. Rd1 cxd4 11. exd4 Bb7 12. a3 Bf6 13. Be4 Nce7 14. Nxd5 Bxd5 15. Bf4 Bxe4 16. Qxe4 Qd5 17. Qe2 Nf5 18. Be5 Rad8 19. Rac1 Rd7 20. h3 Rfd8 21. Rd2 Qb7 22. Rcd1 Rd5 23. Qe4 Qd7 24. Qf4 Kf8 25. g4 Ne7 26. Bxf6 gxf6 27. Qxf6 Ng6 28. Ng5 Kg8 29. Ne4 Kf8 30. Qf3 Qe7 31. Nf6 Nh4 32. Qf4 1-0


[Site "https://www.chess.com"]

[Event "Titled Tuesday Blitz May 24 Late 2022"]
[White "Dubov, Daniil"]
[Black "Krstulovic, Alex"]
[WhiteFideId "24126055"]
[BlackFideId "760056"]
[WhiteElo "2791"]
[BlackElo "2193"]
[Result "1-0"]
[Round "01"]
[TimeControl "180+1"]
[Date "2022.05.24"]
[WhiteClock "0:00:47"]
[BlackClock "0:00:18"]

1. d4 Nf6 2. Nf3 d5 3. Bf4 c5 4. e3 Nc6 5. Nbd2 e6 6. c3 cxd4 7. exd4 Nh5 8. Bg3 Bd6 9. Bd3 Nf4 10. Bxf4 Bxf4 11. O-O O-O 12. Qc2 g6 13. g3 Bh6 14. h4 f6 15. Rae1 Bd7 16. h5 gxh5 17. Bxh7+ Kh8 18. Qg6 Bxd2 19. Qxh5 Kg7 20. Nxd2 Rh8 21. Qg6+ Kf8 22. Kg2 Qe7 23. Rh1 Qg7 24. Qd3 f5 25. Bxf5 Rxh1 26. Rxh1 exf5 27. Qf3 Ne7 28. Nb3 b6 29. Nc1 Re8 30. Nd3 Ng6 31. Rh5 Re4 32. Rg5 Qh6 33. Rxf5+ Bxf5 34. Qxf5+ Kg7 35. Qxd5 Re7 36. Qf5 Qd2 37. d5 Qe2 38. d6 Qe4+ 39. Qxe4 Rxe4 40. d7 1-0


[Site "https://www.chess.com"]

[Event "Titled Tuesday Blitz May 24 Late 2022"]
[White "Dudzinski, Pawel"]
[Black "Cabarkapa, Novak"]
[WhiteFideId "1117890"]
[BlackFideId "943746"]
[WhiteElo "2011"]
[BlackElo "2454"]
[Result "0-1"]
[Round "01"]
[TimeControl "180+1"]
[Date "2022.05.25"]
[WhiteClock "0:00:34"]
[BlackClock "0:01:39"]

1. e4 Nf6 2. Nc3 d5 3. e5 d4 4. exf6 dxc3 5. fxg7 cxd2+ 6. Qxd2 Qxd2+ 7. Bxd2 Bxg7 8. O-O-O O-O 9. Nf3 a5 10. h3 Nc6 11. a3 Rb8 12. Bb5 Na7 13. Bd3 b5 14. Bxa5 c5 15. Be4 Bb7 16. Rhe1 Bxe4 17. Rxe4 Rb7 18. Bd2 Nc6 19. Rg4 Kh8 20. Rh4 b4 21. axb4 Ra8 22. Bh6 Bxh6+ 23. Rxh6 Ra1+ 24. Kd2 Rd7+ 25. Ke2 Raxd1 26. Rxc6 cxb4 27. Rb6 Rc1 28. Rxb4 Rxc2+ 29. Ke3 f6 30. Nd4 Rc8 31. Rb6 Kg7 32. Nf5+ Kf7 33. b4 Rc3+ 34. Ke2 Rc2+ 35. Kf3 Rb2 36. Kg4 e6 37. Nd6+ Kg6 38. Kg3 h5 39. h4 Rb3+ 40. f3 Rd3 41. Ne4 Kf5 42. Nc5 Rg7+ 43. Kh3 Rd1 44. Kh2 Rd2 45. Nxe6 Rgxg2+ 46. Kh1 Rh2+ 47. Kg1 Rxh4 48. b5 Rb4 0-1


[Site "https://www.chess.com"]